 Dungeon Crawl Stone Soup version 0.30.0-5-g1a98f26d00 (webtiles) character file.

Game seed: 9919986587793623798

175 PoweredByGinger the Chopper (level 5, -3/42 HPs)
             Began as a Minotaur Gladiator on May 9, 2023.
             Slain by Ijyb
             ... wielding a +7 club
              (8 damage)
             ... on level 4 of the Dungeon.
             The game lasted 00:02:44 (2392 turns).

PoweredByGinger the Chopper (Minotaur Gladiator)    Turns: 2392, Time: 00:02:45

Health: -3/42      AC:  3    Str: 20    XL:     5   Next: 29%
Magic:  4/4        EV: 12    Int: 11    God:
Gold:   190        SH:  0    Dex: 12    Spells: 4/4 levels left

rFire   + . .        a - +0 war axe
rCold   + . .        (no shield)
rNeg    . . .        b - +0 leather armour
rPois   +            c - +0 hat
rElec   +            (no cloak)
rCorr   +            (no gloves)
SInv    .            (no boots)
Will    .....        (no amulet)
Stlth   +            u - +6 ring of intelligence
HPRegen 0.27/turn    (no ring)
MPRegen 0.09/turn

%: no passive effects
@: confused, resistant
A: horns 2, retaliatory headbutt
a: no special abilities


You were on level 4 of the Dungeon.
You visited 1 branch of the dungeon, and saw 4 of its levels.

You collected 190 gold pieces.

Inventory:

Hand Weapons
 a - a +0 war axe (weapon)
Missiles
 d - 2 throwing nets (quivered)
 e - a javelin
 k - 5 atropa-tipped darts
Armour
 b - a +0 leather armour (worn)
 c - a +0 hat (worn)
Jewellery
 u - a +6 ring of intelligence (left hand)
Wands
 l - a wand of iceblast (10)
 q - a wand of flame (14)
Scrolls
 f - a scroll of acquirement {unknown}
 g - a scroll of torment {unknown}
 h - a scroll of enchant weapon {unknown}
 i - 3 scrolls of fog {unknown}
 m - 6 scrolls of identify {unknown}
 n - a scroll of noise {unknown}
 o - a scroll of magic mapping {unknown}
 s - 2 scrolls of immolation {unknown}
 t - a scroll of teleportation {unknown}
 v - a scroll of poison {unknown}
Potions
 j - 2 potions of lignification {unknown}
 r - a potion of heal wounds
 w - a potion of resistance
 x - a potion of attraction {unknown}


   Skills:
 - Level 2.4 Fighting
 + Level 7.3 Axes
 - Level 2.0 Throwing
 - Level 3.2 Dodging


You had 4 spell levels left.
You didn't know any spells.
Your spell library contained the following spells:

 Spells                   Type           Power      Damage    Failure   Level
 Magic Dart               Conj           0%         1d3       38%         1
 Searing Ray              Conj           0%         2d4       54%         2
 Fulminant Prism          Conj/Hex       0%         3d5       99%         4


Dungeon Overview and Level Annotations

Branches:
Dungeon (4/15)
 Temple: D:4-7

Altars:

Annotations:
D:4 Blork the orc, Ijyb, Pikel


Innate Abilities, Weirdness & Mutations

You have a pair of horns on your head.
You reflexively headbutt those who attack you in melee.


Message History

You barely miss Ijyb. Your headbutt misses Ijyb.
Ijyb is lightly wounded.
You miss the goblin. Ijyb hits you with a +7 club.
The goblin closely misses you.
You closely miss Ijyb. Your headbutt misses Ijyb.
Ijyb is lightly wounded.
You miss the goblin.
Ijyb zaps a wand.
Your will is overpowered!
You are more confused.
The goblin misses you.
You closely miss Ijyb.
Ijyb is lightly wounded.
You're too confused to move!
Ijyb hits you with a +7 club.
* * * LOW HITPOINT WARNING * * *
The goblin hits you but does no damage.
You slash Ijyb!
Ijyb is heavily wounded.
You closely miss the goblin.
Ijyb zaps a wand.
Your will is overpowered!
You are more confused.
The now-empty wand crumbles to dust.
The goblin hits you with a +0 dagger.
* * * LOW HITPOINT WARNING * * *
The goblin attacks as you move away! The goblin hits you with a +0 dagger.
* * * LOW HITPOINT WARNING * * *
Found a dire flail.
It was a potion of resistance.
You feel protected. Ijyb barely misses you.
The goblin hits you with a +0 dagger.
* * * LOW HITPOINT WARNING * * *
It was a potion of heal wounds.
You feel much better. Ijyb closely misses you.
The goblin hits you with a +0 dagger.
You slash Ijyb!
Ijyb is almost dead.
You barely miss the goblin. Ijyb hits you with a +7 club!
The goblin hits you with a +0 dagger.
You're too confused to move!
The goblin barely misses you. Ijyb hits you with a +7 club!
* * * LOW HITPOINT WARNING * * *
You barely miss Ijyb.
Ijyb is almost dead.
You completely miss the goblin. Ijyb hits you with a +7 club!
You die...

#.....######
#..........)
######.........#
..............##
##...#.<.......#
...............#
####...........###
.........gg>......
.###......@.......
##............#
#.............
##...........#
#...........#
#.........#..#
#..##......#...
#.# #...#..# #.


You could see Ijyb and a goblin.

Vanquished Creatures
  A lemure (D:3)
  A scorpion (D:3)
  Terence (D:3)
  Robin (D:3)
  2 adders (D:3)
  2 orcs (D:3)
  4 endoplasms (D:3)
  2 giant cockroaches
  5 hobgoblins
  3 jackals (D:2)
  3 quokkas
  2 ball pythons
  5 bats
  7 frilled lizards
  13 goblins
  5 kobolds
  3 rats
60 creatures vanquished.

Notes
Turn   | Place    | Note
-------+----------+-------------------------------------------
     0 | D:1      | PoweredByGinger the Minotaur Gladiator began the quest for
                  | the Orb.
     0 | D:1      | Reached XP level 1. HP: 18/18 MP: 0/0
   283 | D:1      | Reached skill level 4 in Axes
   324 | D:1      | Reached XP level 2. HP: 25/25 MP: 1/1
   804 | D:2      | Found a faded altar of an unknown god.
  1088 | D:2      | Reached skill level 5 in Axes
  1281 | D:3      | Noticed Robin
  1283 | D:3      | Reached XP level 3. HP: 30/30 MP: 2/2
  1369 | D:3      | Killed Robin
  1583 | D:3      | Reached skill level 6 in Axes
  1583 | D:3      | Reached XP level 4. HP: 35/37 MP: 3/3
  1602 | D:3      | Noticed Terence
  1609 | D:3      | Killed Terence
  2117 | D:4      | Noticed Blork the orc
  2139 | D:4      | Noticed a lemure
  2139 | D:4      | Noticed a lemure
  2140 | D:4      | Noticed a lemure
  2141 | D:4      | Noticed Pikel
  2152 | D:3      | Killed a lemure
  2234 | D:4      | Noticed Ijyb
  2234 | D:4      | Noticed a scorpion
  2254 | D:3      | Killed a scorpion
  2255 | D:3      | Reached skill level 7 in Axes
  2255 | D:3      | Reached XP level 5. HP: 11/42 MP: 4/4
  2392 | D:4      | Slain by Ijyb

Illustrated notes

Levels and vault maps discovered:
D:1:      minmay_arrival_stair_chambers, layout_basic, item_on_display_a
D:2:      layout_basic, ebering_ecumenical_altar_abandoned
D:3:      layout_loops_ring, minmay_unequal, uniq_robin, uniq_terence
D:4:      layout_rooms, mainiacjoe_overflow_chevrons, lemuel_round_altar,
          serial_shops, shop, grunt_ministairs_2, hangedman_decor_points,
          uniq_ijyb, uniq_pikel, uniq_blork_the_orc

Skill      XL: |  1  2  3  4 |
---------------+-------------+-----
Axes           | 4 5 6 7 |  7.3
Fighting       | |  2.4
Throwing       | |  2.0
Dodging        | |  3.2

Action                     |  1- 3 |  4- 6 || total
---------------------------+-------+-------++-------
  Melee: War axe           |    74 |    44 ||   118
         Headbutt          |     6 |     7 ||    13
  Throw: Throwing net      |       |     3 ||     3
    Use: Potion            |       |     3 ||     3
 Armour: Leather armour    |    28 |     8 ||    36
  Dodge: Dodged            |    65 |    38 ||   103
